 Dungeon Crawl Stone Soup version 0.30-a0-800-g7c544603b3 (webtiles) character file.

Game seed: 15373157014203400601

159 bande the Trooper (level 5, -2/33 HPs)
             Began as a Gargoyle Fighter on Feb 22, 2023.
             Was an Initiate of Okawaru.
             Slain by a centaur (5 damage)
             ... on level 4 of the Dungeon.
             The game lasted 00:04:15 (2036 turns).

bande the Trooper (Gargoyle Fighter)                Turns: 2036, Time: 00:04:15

Health: -2/33      AC: 16    Str: 19    XL:     5   Next: 40%
Magic:  5/5        EV:  9    Int:  9    God:    Okawaru [......]
Gold:   208        SH:  4    Dex: 11    Spells: 4/4 levels left

rFire   . . .      SeeInvis .    a - +0 war axe
rCold   . . .      Faith    .    c - +0 buckler
rNeg    + . .      Spirit   .    b - +0 scale mail
rPois   ∞          Reflect  .    o - +2 hat
rElec   +          Harm     .    s - +2 cloak
rCorr   .          Rampage  .    (no gloves)
Will    .....                    (no boots) Stlth
                                 (no amulet)
HPRegen 0.25/turn                i - ring of flight
MPRegen 0.09/turn                (no ring)

@: flying
A: sickness immunity, AC +4, negative energy resistance 1, electricity
resistance, torment resistance 1, petrification resistance
a: Renounce Religion


You were on level 4 of the Dungeon.
You worshipped Okawaru.
Okawaru was noncommittal.
You visited 2 branches of the dungeon, and saw 5 of its levels.

You collected 208 gold pieces.

Inventory:

Hand Weapons
 a - a +0 war axe (weapon)
 u - a +0 flail
Armour
 b - a +0 scale mail (worn)
 c - a +0 buckler (worn)
 o - a +2 hat (worn)
 s - a +2 cloak (worn)
Jewellery
 i - a ring of flight (left hand)
 p - a ring of ice
 r - an amulet of magic regeneration
Wands
 q - a wand of roots (9)
 v - a wand of charming (5)
Scrolls
 g - 2 scrolls of identify
 j - a scroll of enchant weapon {unknown}
 k - a scroll of fear {unknown}
 m - a scroll of teleportation {unknown}
 w - a scroll of vulnerability {unknown}
Potions
 d - a potion of might
 e - a potion of mutation {unknown}
 f - 2 potions of resistance {unknown}
 h - 5 potions of heal wounds
 l - a potion of flight {unknown}
 n - 2 potions of brilliance {unknown}
 t - a potion of degeneration {unknown}


   Skills:
 + Level 4.2 Fighting
 + Level 2.9 Axes
 + Level 4.2 Armour
 + Level 3.8 Shields
 * Level 1.0 Invocations
 * Level 1.0 Evocations


You had 4 spell levels left.
You didn't know any spells.
Your spell library contained the following spells:

 Spells                   Type           Power      Damage    Failure   Level
 Beastly Appendage        Tmut           0%         N/A       83%         1
 Lesser Beckoning         Tloc           0%         N/A       93%         2
 Poisonous Vapours        Pois/Air       0%         N/A       93%         2
 Wereblood                Tmut           0%         N/A       93%         2
 Gell's Gravitas          Tloc           0%         N/A       99%         3
 Mephitic Cloud           Conj/Pois/Air  0%         N/A       99%         3
 Spider Form              Tmut/Pois      0%         N/A       99%         3
 Teleport Other           Tloc           0%         N/A       99%         3
 Cigotuvi's Dreadful Rot  Necr/Pois/Air  Unusable   N/A       N/A         2

Dungeon Overview and Level Annotations

Branches:
Dungeon (4/15)             Temple (1/1) D:4

Altars:
Ashenzari
Dithmenos
Elyvilon
Fedhas
Hepliaklqana
Kikubaaqudgha
Makhleb
Okawaru
Qazlal
Ru
Uskayaw
Vehumet
Xom
The Shining One

Annotations:
D:3 2 transporters, Nabski's ghost, amateur DrTm


Innate Abilities, Weirdness & Mutations

You are immune to sickness and miasma.
Your stone body is resilient. (AC +4)
You are immune to poison.
You resist negative energy. (rN+)
You are resistant to electric shocks. (rElec)
You are resistant to unholy torment.
You are immune to petrification.


Message History

You hit the adder.
The adder is almost dead.
You hit the iguana. You slash the centaur! The centaur closely misses you.
The centaur kicks you but does no damage.
The adder barely misses you. The iguana bites you!
The centaur closely misses you.
The centaur kicks you but does no damage.
You block the adder's attack.
You are too injured to fight recklessly!
You are too injured to fight recklessly!
You are too injured to fight recklessly!
You are too injured to fight recklessly!
You are too injured to fight recklessly!
You are too injured to fight recklessly!
You are too injured to fight recklessly!
You are too injured to fight recklessly!
You are too injured to fight recklessly!
Unknown command.
You hit the adder.
You kill the adder!
Okawaru accepts your kill.
You barely miss the iguana. You closely miss the centaur.
The centaur hits you but does no damage.
The centaur kicks you but does no damage.
The iguana closely misses you. The centaur barely misses you.
The centaur closely misses you. The iguana closely misses you.
Your Evocations skill increases to level 1!
You block the centaur's attack. The centaur closely misses you.
The iguana bites you but does no damage.
The centaur hits you but does no damage.
The centaur kicks you but does no damage.
You hit the centaur.
The centaur is almost dead.
You barely miss the worm. You closely miss the iguana.
The centaur hits you but does no damage.
The centaur kicks you but does no damage.
The worm closely misses you. The iguana bites you!
* * * LOW HITPOINT WARNING * * *
The centaur hits you.
You die...

###### ......
...... ......#####
..........# .
..≈≈..≈...####.#
≈≈≈≈..w./......#
#≈####l@c#.....
≈≈≈≈≈#......#
.≈⌠_≈≈$.(.###
≈≈>.≈≈≈...####.##
≈#≈≈≈≈#≈..........
≈≈###≈#≈≈.#####)..
.≈≈≈...≈...#######
$......≈..........
...........######.


You could see a centaur, a worm and an iguana.

Vanquished Creatures
  A howler monkey (D:4)
  7 adders
  An ufetubus (D:4)
  5 orcs
  4 bats
  4 endoplasms
  A giant cockroach (D:2)
  2 goblins
  3 hobgoblins
  2 jackals (D:3)
  6 kobolds
  2 quokkas (D:1)
  8 ball pythons
  3 frilled lizards
  3 rats
52 creatures vanquished.

Notes
Turn   | Place    | Note
-------+----------+-------------------------------------------
     0 | D:1      | bande the Gargoyle Fighter began the quest for the Orb.
     0 | D:1      | Reached XP level 1. HP: 14/14 MP: 1/1
   122 | D:1      | Reached XP level 2. HP: 16/19 MP: 2/2
   728 | D:2      | Reached XP level 3. HP: 21/23 MP: 3/3
  1011 | D:2      | Identified the +3 sling of Gozag's Outrage {heavy, +Blink
                  | MP+9}
  1196 | D:3      | Found a transporter.
  1197 | D:3      | Noticed Nabski's ghost (amateur DrTm)
  1253 | D:3      | Found a transporter.
  1338 | D:3      | Found a broken altar of Ashenzari.
  1454 | D:3      | Reached XP level 4. HP: 28/29 MP: 4/4
  1518 | D:3      | Found a glowing golden altar of the Shining One.
  1654 | D:4      | Found a staircase to the Ecumenical Temple.
  1670 | Temple   | Entered the Ecumenical Temple
  1880 | Temple   | Became a worshipper of Warmaster Okawaru
  1928 | D:4      | Reached XP level 5. HP: 33/33 MP: 5/5
  1974 | D:4      | Reached skill level 1 in Invocations
  1976 | D:4      | Found a stormy altar of Qazlal.
  2010 | D:4      | Found a hide-covered altar of Uskayaw.
  2019 | D:4      | Noticed a centaur
  2035 | D:4      | Reached skill level 1 in Evocations
  2036 | D:4      | Slain by a centaur

Illustrated notes

Levels and vault maps discovered:
D:1:      minmay_arrival_semitransparent, layout_basic
D:2:      layout_basic
D:3:      layout_rooms, mainiacjoe_overflow_24_doors, tso_oasis_becter,
          gammafunk_ghost_mausoleum
D:4:      layout_rooms, lemuel_crystal_altar, nicolae_qazlal_general_emergency,
          minmay_temple_entry_tees
Temple:   dpeg_chambers_temple

Skill      XL: |  1  2  3  4  5 |
---------------+----------------+-----
Axes           | 2 |  2.9
Fighting       | 4 |  4.2
Armour         | 4 |  4.2
Invocations    | 1 |  1.0
Evocations     | 1 |  1.0
Shields        | |  3.8

Action                     |  1- 3 |  4- 6 || total
---------------------------+-------+-------++-------
  Melee: War axe           |    94 |    45 ||   139
    Use: Scroll            |       |     1 ||     1
 Armour: Scale mail        |    66 |    52 ||   118
  Dodge: Dodged            |    52 |    48 ||   100
  Block: Buckler           |    34 |    22 ||    56

Table legend: (Time is in decaauts)
 A = Elapsed time spent in this place.
 B = Non-inter-level travel time spent in this place.
 C = Inter-level travel time spent in this place.
 D = Time resting spent in this place.
 E = Time spent auto-exploring this place.
 F = Levels seen in this place.
 G = Mean time per level.
                   A        B        C        D        E       F      G
               +--------+--------+--------+--------+--------+-----+--------+
         Total |   2096 |   1993 |    103 |      0 |   1471 |   5 |  419.2 |
       Dungeon |   1858 |   1790 |     68 |      0 |   1290 |   4 |  464.5 |
        Temple |    238 |    203 |     35 |      0 |    181 |   1 |  238.0 |
               +--------+--------+--------+--------+--------+-----+--------+

Top non-repeatable levels by time:
     D:1: 554 daAuts
     D:2: 551 daAuts
     D:3: 532 daAuts
  Temple: 238 daAuts
     D:4: 218 daAuts
